 Dungeon Crawl Stone Soup version 0.13.0-19-g8e0b589 (webtiles) character file.

233 HungrySpirit the Ruffian (level 4, 0/44 HPs)
             Began as a Troll Chaos Knight on Oct 25, 2013.
             Was a Plaything of Xom.
             Slain by a gnoll
             ... wielding a +1,+2 spear
              (11 damage)
             ... on Level 3 of the Dungeon.
             The game lasted 00:02:19 (1411 turns).

HungrySpirit the Ruffian (Troll Chaos Knight)       Turns: 1411, Time: 00:02:19

HP   0/44        AC  7     Str 21      XL: 4   Next: 69%
MP   2/2         EV  7     Int  8      God: Xom
Gold 117         SH 14     Dex  9      Spells:  0 memorised,  3 levels left

Res.Fire  : . . .   See Invis. : .     - Unarmed
Res.Cold  : . . .   Warding    : .   b - +2 robe
Life Prot.: . . .   Conserve   : .   o - +0 shield
Res.Poison: .       Res.Corr.  : .   (helmet restricted)
Res.Elec. : .       Clarity    : .   (no cloak)
Sust.Abil.: . .     Spirit.Shd : .   (gloves unavailable)
Res.Mut.  : .       Stasis     : .   (boots unavailable)
Res.Rott. : .       Flight     : .   (no amulet)
Gourmand  : +                        (no ring)
                                     (no ring)

@: slightly resistant to hostile enchantments, very unstealthy
A: unfitting armour, claws 3, fast metabolism 3, gourmand, regeneration 2,
saprovore 2, tough skin 2, AC +1
a: Renounce Religion


You were on level 3 of the Dungeon.
You worshipped Xom.
You were a very special plaything of Xom.
You were full.

You visited 1 branch of the dungeon, and saw 3 of its levels.

You collected 97 gold pieces.

Inventory:

Armour
 b - a +2 robe (worn)
 o - a +0 shield (worn)
Magical devices
 t - a wand of enslavement (15) {unknown}
Comestibles
 a - 3 meat rations
 d - an apple
 f - 2 bread rations
 p - a sausage
 q - a choko
Scrolls
 i - a scroll of curse weapon {unknown}
 j - a scroll of magic mapping {unknown}
 k - 3 scrolls of identify {unknown}
 l - a scroll of random uselessness {unknown}
 m - 3 scrolls of remove curse {unknown}
 r - a scroll of enchant armour {unknown}
 s - a scroll of enchant weapon I {unknown}
 u - a scroll of teleportation {unknown}
 w - 2 scrolls of amnesia {unknown}
Potions
 c - a potion of invisibility {unknown}
 e - a potion of flight {unknown}
 g - a potion of might {unknown}
 h - 2 potions of heal wounds {unknown}
 n - 2 potions of brilliance {unknown}


   Skills:
 + Level 3.2 Fighting
 - Level 1.9 Dodging
 * Level 4.8 Unarmed Combat


You had 3 spell levels left.
You didn't know any spells.

Dungeon Overview and Level Annotations

Branches:
Dungeon (3/27)

Altars:
Kikubaaqudgha
Xom


Innate Abilities, Weirdness & Mutations

You are too large for most types of armour.
You have claws for hands.
Your metabolism is lightning-fast.
You like to eat raw meat.
You heal very quickly.
You can eat rotten meat.
You are covered in fur (AC +1).
You have very tough skin (AC +2).


Message History

You hit the gnoll.
The gnoll begins to bleed from its wounds!
The gnoll is moderately wounded.
You block the gnoll's attack. The gnoll barely misses you.
You claw the gnoll!
You kill the gnoll!
You block the gnoll's attack. The gnoll hits you with a spear.
* * * LOW HITPOINT WARNING * * *
You see here a gnoll corpse.
You are too injured to fight recklessly!
You are too injured to fight recklessly!
You are too injured to fight recklessly!
You are too injured to fight recklessly!
You hit the gnoll.
The gnoll begins to bleed from its wounds!
The gnoll is moderately wounded.
The gnoll hits you with a spear!
You die... "Huh?
Did I miss anything?"

#.# #.. #.# #.# #..#
###.# #.# #..# #...#
#.# #..# #.### #.#.#..#
# #.# #######.#.#..#.#
#.# .........
#..#.###.###
.......#.###..#.......#
.........@...)......#.#
...###..g###....#####.#
#...# #..### #.# )....#
#..#######.# ###....
#..(.......# ###.#
#..######### #.# #..[
... #... ..# #....


You could see a gnoll (bleeding).

Vanquished Creatures
  Ijyb (D:2)
  2 gnolls (D:3)
  3 adders (D:2)
  2 worms (D:2)
  2 giant geckos
  A ball python (D:2)
  5 goblins
  4 hobgoblins
  5 kobolds
  7 bats
  3 giant newts
  6 rats
41 creatures vanquished.

Notes
Turn   | Place    | Note
--------------------------------------------------------------
     0 | D:1      | HungrySpirit, the Troll Chaos Knight, began the quest for the Orb.
     0 | D:1      | Reached XP level 1. HP: 20/20 MP: 1/1
   319 | D:1      | Reached XP level 2. HP: 28/28 MP: 1/1
   467 | D:1      | XOM: harmless Erth miscast
   621 | D:2      | Reached skill level 4 in Unarmed Combat
   621 | D:2      | Reached XP level 3. HP: 29/36 MP: 2/2
   648 | D:2      | Noticed Ijyb
   658 | D:2      | Killed Ijyb
   713 | D:2      | XOM: medium Conj miscast
   907 | D:2      | Reached XP level 4. HP: 41/44 MP: 2/2
   912 | D:2      | Found an ancient bone altar of Kikubaaqudgha.
  1286 | D:2      | XOM: summons 3 hostile shadow creatures
  1347 | D:3      | Found a shimmering altar of Xom.
  1411 | D:3      | Slain by a gnoll

Action                   |  1- 3 |  4- 6 || total
-------------------------+-------+-------++-------
Melee: Unarmed           |    80 |    37 ||   117
